 Dungeon Crawl Stone Soup version 0.19-a0-1888-g6ba2374 (webtiles) character file.

7707 Naow the Cleaver (level 11, -4/75 HPs)
             Began as a Formicid Fighter on Oct 17, 2016.
             Was a High Priest of Okawaru.
             Slain by a yak (7 damage)
             ... on level 1 of the Lair of Beasts.
             The game lasted 00:18:46 (5621 turns).

Naow the Cleaver (Formicid Fighter)                 Turns: 5621, Time: 00:18:46

Health: -4/75      AC: 14    Str: 30    XL:     11   Next: 42%
Magic:  26/26      EV: 13    Int:  3    God:    Okawaru [*****.]
Gold:   453        SH: 15    Dex: 14    Spells: 0 memorised, 10 levels left

rFire  + . .     SeeInvis +     O - +1 glaive "Nyckees" {chop, rN+ MP+9 Int-4 Dex+4}
rCold  x . .     Gourm    .     b - +0 scale mail
rNeg   + . .     Faith    .     c - +0 shield
rPois  .         Spirit   .     (helmet unavailable)
rElec  .         Dismiss  .     k - +0 cloak
rCorr  .         Reflect  .     g - +0 pair of gloves
MR     +....     Harm     .     t - +1 pair of boots
Stlth  ++........               j - amulet of regeneration
                                (no ring)
                                n - ring of fire

@: mighty, lethally poisoned (-4 -> -4), heroism
A: permanent stasis, dig shafts and tunnels, four strong arms, antennae 3
a: Dig, Shaft Self, Heroism, Finesse, Renounce Religion


You were on level 1 of the Lair of Beasts.
You worshipped Okawaru.
Okawaru was extremely pleased with you.
You were not hungry.

You visited 3 branches of the dungeon, and saw 9 of its levels.
You also visited: Ossuary.

You collected 453 gold pieces.

Inventory:

Hand Weapons
 a - a +0 war axe
 O - the +1 glaive "Nyckees" (weapon) {chop, rN+ MP+9 Int-4 Dex+4}
   (Okawaru gifted it to you on level 1 of the Lair of Beasts)

   It inflicts extra damage upon your enemies.
   It affects your intelligence (-4).
   It affects your dexterity (+4).
   It protects you from negative energy.
   It affects your magic capacity (+9).
Armour
 b - a +0 scale mail (worn)
 c - a +0 shield (worn)
 g - a +0 pair of gloves (worn)
 k - a +0 cloak (worn)
 t - a +1 pair of boots (worn)
Jewellery
 j - an amulet of regeneration (around neck)
 n - a ring of fire (left hand)
 s - an uncursed amulet of harm
 E - an uncursed amulet of magic regeneration {unknown}
 P - an uncursed ring of stealth {unknown}
Wands
 J - a wand of lightning (10/15)
 N - a wand of polymorph (23/24)
Scrolls
 d - a scroll of enchant armour {unknown}
 e - 2 scrolls of blinking {unknown}
 i - a scroll of amnesia {unknown}
 p - a scroll of remove curse {unknown}
 q - 3 scrolls of identify {unknown}
 u - 2 scrolls of teleportation {unknown}
 v - 2 scrolls of enchant weapon {unknown}
 w - 2 scrolls of recharging {unknown}
 y - 2 scrolls of random uselessness {unknown}
 G - 3 scrolls of fog {unknown}
Potions
 l - a potion of resistance {unknown}
 m - a potion of lignification {unknown}
 r - 2 potions of invisibility {unknown}
 x - 2 potions of curing {unknown}
 z - a potion of mutation {unknown}
 A - a potion of ambrosia {unknown}
 F - a potion of haste
 H - 2 potions of agility {unknown}
 I - a potion of degeneration {unknown}
 K - a potion of beneficial mutation {unknown}
Books
 B - a book of Changes

   Spells                             Type                      Level
   a - Beastly Appendage              Transmutation                1
   b - Sticks to Snakes               Transmutation                2
   c - Spider Form                    Transmutation/Poison         3
   d - Ice Form                       Ice/Transmutation            4
   e - Blade Hands                    Transmutation                5
Comestibles
 f - 5 bread rations
 h - 17 fruits
 o - 8 slices of pizza
 C - a royal jelly
 D - a beef jerky
 L - 11 chunks of flesh


   Skills:
 - Level 3.4(8.4) Fighting
 - Level 11.8(16.8) Axes
 + Level 7.1(12.1) Armour
 - Level 10.5(15.5) Shields
 - Level 8.1 Invocations


You had 10 spell levels left.
You didn't know any spells.

Dungeon Overview and Level Annotations

Branches:
Dungeon (8/15)             Temple (1/1) D:6            Lair (1/6) D:8

Altars:
Ashenzari
Dithmenos
Elyvilon
Fedhas
Gozag
Makhleb
Okawaru
Qazlal
Xom
Yredelemnul
Zin

Shops:
D:8 [

Portals:
Labyrinth: Lair:1

Annotations:
D:8 1 exclusion


Innate Abilities, Weirdness & Mutations

You are under a permanent stasis effect.
You can dig through walls and to a lower floor.
Your four strong arms can wield two-handed weapons with a shield.
You have a pair of large antennae on your head. (SInv)


Message History

You block the yak's attack. The yak barely misses you.
You block the yak's attack.
You hit the yak.
The yak is almost dead.
The yak closely misses you. You block the yak's attack.
The yak gores you but does no damage.
You closely miss the yak.
The yak is almost dead.
You block the yak's attack. The yak gores you.
* * * LOW HITPOINT WARNING * * *
You block the yak's attack.
You slice the yak!!
You kill the yak!
Okawaru accepts your kill.
Your base Armour skill increases to level 7!
You feel sick. You block the yak's attack. x2
You hit the yak.
The yak is lightly wounded.
The yak gores you!
You die...

.# .# #......# .## #.>.....
..# #......# .## #....... ..#
##$.....# .## #.......# .##
#....YY# ..# #....†@## .##
#####.......####
.######.##.......###.########
.............................
...(.........................
.............................
....................>........
.............................
.............................


You could see 2 yaks.

Vanquished Creatures
  Nergalle (Lair:1)
  Joseph (D:8)
  A spiny frog (Lair:1)
  A hippogriff (Lair:1)
  2 dream sheep (D:8)
  5 blink frogs (Lair:1)
  The ghost of Kirkhe the Digger, an amateur OpEE (Ossuary)
  8 yaks
  Grum (D:8)
  3 wargs
  5 water moccasins
  An orc warrior (D:6)
  An ice beast (D:8)
  An ogre (D:6)
  A black bear (D:8)
  A phantom (D:6)
  2 wolves (D:8)
  2 big kobolds (D:8)
  An elf zombie (Ossuary)
  6 bullfrogs
  A scorpion (D:7)
  5 killer bees
  3 howler monkeys (D:8)
  A crimson imp (D:7)
  3 centaur zombies
  5 hounds
  A human zombie (Ossuary)
  4 orc priests
  3 bullfrog skeletons
  A centaur skeleton (D:7)
  9 orc wizards
  2 iguanas
  A worker ant (D:8)
  A big kobold zombie (Ossuary)
  6 hound zombies
  3 mummies (Ossuary)
  A howler monkey zombie (D:6)
  An ooze (D:1)
  5 adder zombies
  An adder skeleton (D:6)
  A worm (D:2)
  A dart slug (D:1)
  4 leopard geckos
  22 orcs
  6 giant cockroaches
  5 goblins
  2 hobgoblins
  15 jackals
  3 quokkas (D:7)
  8 bats
  4 frilled lizards
  5 goblin zombies (Ossuary)
  2 hobgoblin zombies (Ossuary)
  4 jackal zombies (Ossuary)
  10 kobolds
  3 kobold zombies (Ossuary)
  2 orc zombies (Ossuary)
  A quokka skeleton (D:7)
  4 quokka zombies (Ossuary)
  2 rats
  2 rat zombies (Ossuary)
208 creatures vanquished.

Vanquished Creatures (others)
  2 orcs (D:6)
  A giant cockroach (D:6)
3 creatures vanquished.

Grand Total: 211 creatures vanquished

Notes
Turn   | Place    | Note
-------+----------+-------------------------------------------
     0 | D:1      | Naow the Formicid Fighter began the quest for the Orb.
     0 | D:1      | Reached XP level 1. HP: 18/18 MP: 1/1
    70 | D:1      | Reached XP level 2. HP: 20/24 MP: 2/2
   319 | D:1      | Reached XP level 3. HP: 29/29 MP: 3/3
   521 | D:2      | Found a shattered altar of Ashenzari.
   576 | D:2      | Reached skill level 5 in Shields
   991 | D:2      | Found a shadowy altar of Dithmenos.
  1418 | D:3      | Reached XP level 4. HP: 35/35 MP: 4/4
  1690 | D:3      | Reached XP level 5. HP: 37/41 MP: 5/5
  1769 | D:3      | You fall through a shaft for 2 floors!
  1769 | D:5      | Entered Level 5 of the Dungeon
  1806 | D:5      | Noticed an ogre
  1812 | D:5      | You fall through a shaft!
  1928 | D:6      | Reached XP level 6. HP: 45/47 MP: 6/6
  2153 | D:6      | Found a staircase to the Ecumenical Temple.
  2165 | Temple   | Entered the Ecumenical Temple
  2207 | Temple   | Became a worshipper of Warmaster Okawaru
  2388 | D:6      | Noticed a phantom
  2392 | D:6      | Found a sand-covered staircase.
  2399 | Ossuary  | Entered an ossuary
  2431 | Ossuary  | Noticed Kirkhe's ghost (amateur OpEE)
  2461 | Ossuary  | Killed Kirkhe's ghost
  2461 | Ossuary  | Reached XP level 7. HP: 40/52 MP: 7/7
  2547 | Ossuary  | Reached skill level 10 in Shields
  2631 | Ossuary  | Reached * piety under Okawaru
  2642 | Ossuary  | Reached XP level 8. HP: 57/58 MP: 8/8
  2809 | D:6      | Reached skill level 3 in Axes
  2813 | D:6      | Reached skill level 4 in Axes
  2993 | D:6      | Reached ** piety under Okawaru
  2993 | D:6      | Reached skill level 5 in Axes
  3250 | D:7      | Reached skill level 6 in Axes
  3486 | D:7      | Reached XP level 9. HP: 64/64 MP: 9/9
  3560 | D:7      | Reached skill level 7 in Axes
  3711 | D:7      | Reached skill level 1 in Invocations
  3981 | D:8      | Reached skill level 5 in Invocations
  3990 | D:8      | Reached *** piety under Okawaru
  4138 | D:8      | Reached XP level 10. HP: 51/70 MP: 14/16
  4168 | D:8      | Reached skill level 8 in Axes
  4182 | D:8      | Reached **** piety under Okawaru
  4297 | D:8      | Reached skill level 9 in Axes
  4347 | D:8      | Found a staircase to the Lair.
  4433 | D:8      | HP: 3/70 [poisoned by a water moccasin]
  4603 | D:8      | Found Yhifyipn's Armour Boutique.
  4765 | D:8      | Noticed Grum
  4777 | D:8      | Killed Grum
  5054 | D:8      | Noticed Joseph
  5069 | D:8      | Killed Joseph
  5069 | D:8      | Reached skill level 10 in Axes
  5216 | Lair:1   | Entered Level 1 of the Lair of Beasts
  5216 | Lair:1   | Noticed a spiny frog
  5231 | Lair:1   | Killed a spiny frog
  5291 | Lair:1   | Reached skill level 11 in Axes
  5302 | Lair:1   | Reached XP level 11. HP: 61/75 MP: 15/17
  5307 | Lair:1   | Reached ***** piety under Okawaru
  5428 | Lair:1   | Found a labyrinth entrance.
  5454 | Lair:1   | Received a gift from Okawaru
  5454 | Lair:1   | Reached skill level 5 in Armour
  5460 | Lair:1   | Got an ichor-stained glaive {god gift}
  5549 | Lair:1   | Identified the +1 glaive "Nyckees" {chop, rN+ MP+9 Int-4 Dex+4} (Okawaru gifted it to you on level 1 of the Lair of Beasts)
  5600 | Lair:1   | Noticed Nergalle
  5606 | Lair:1   | Noticed a spectral orc warlord
  5608 | Lair:1   | Killed Nergalle
  5619 | Lair:1   | HP: 3/75 [yak (5)]
  5621 | Lair:1   | Slain by a yak

Vault maps used:
D:1:      grunt_arrival_crossed_arrows
D:2:      ashenzari_conservatory_becter,
          nicolae_dithmenos_through_a_glass_darkly
D:3:      tgw_kikubaaqudgha
D:5:      first_bread
D:6:      lightli_ossuary_entry_decrepit_ruins, lemuel_flamethrower_2
D:8:      erik_lair_orcish_takeover, serial_shops, nicolae_shop_trees,
          hangedman_ranch, uniq_grum, uniq_joseph
Temple:   minmay_crystal_spiral_temple
Lair:1:   lab_entry_generic, uniq_nergalle
Ossuary:  minmay_ossuary_two_tombs

Skill      XL: |  1  2  3  4  5  6  7  8  9 10 11 |
---------------+----------------------------------+-----
Shields        | 4 5 6 7 9 10 | 10.5
Axes           | 6 7 11 | 11.8
Invocations    | 8 |  8.1
Armour         | 7 |  7.1
Fighting       | |  3.4

Action                   |  1- 3 |  4- 6 |  7- 9 | 10-12 || total
-------------------------+-------+-------+-------+-------++-------
Melee: War axe           |   105 |   192 |   423 |   182 ||   902
       Glaive            |       |       |       |    24 ||    24
Invok: Heroism           |       |       |     4 |     6 ||    10
 Abil: Shaft Self        |       |     1 |       |       ||     1
  Use: Potion            |       |     1 |     1 |     2 ||     4
  Eat: Chunk             |     2 |     3 |     6 |     5 ||    16
       Beef jerky        |       |       |     1 |       ||     1
Armor: Scale mail        |    49 |   119 |   149 |    68 ||   385
Dodge: Dodged            |    36 |    77 |   139 |    78 ||   330
Block: Shield            |    71 |   125 |   275 |   152 ||   623
